 Dungeon Crawl Stone Soup version 0.26.0-16-gc1dbca0489 (webtiles) character file.

Game seed: 17590306243833725553

8 kaeus the Insei (level 2, 0/14 HPs)
             Began as a Vine Stalker Transmuter on Jan 19, 2021.
             Succumbed to an adder's poison
             ... on level 1 of the Dungeon.
             The game lasted 00:01:34 (1061 turns).

kaeus the Insei (Vine Stalker Transmuter)           Turns: 1061, Time: 00:01:35

Health: 0/14       AC:  2    Str: 12    XL:     2   Next: 8%
Magic:  4/15       EV: 12    Int: 13    God:
Gold:   76         SH:  0    Dex: 14    Spells: 4/5 levels left

rFire    . . .     SeeInvis .     - Unarmed
rCold    . . .     Faith    .   (no shield)
rNeg     . . .     Spirit   +   a - +0 robe
rPois    .         Reflect  .   (helmet currently unavailable)
rElec    .         Harm     .   (no cloak)
rCorr    .         Rampage  .   (no gloves)
Will     .....                  (boots currently unavailable)
Stlth    +.........             (no amulet)
HPRegen  0.04/turn              c - ring of magical power
MPRegen  0.14/turn              (no ring)

@: lethally poisoned (0 -> -12), appendages
A: fangs 2, horns 2, talons 2, magic shield, antimagic bite, no potion heal 3
a: End Transformation


You were on level 1 of the Dungeon.
You had grown temporary horns.
You had grown temporary talons.
You visited 1 branch of the dungeon, and saw 2 of its levels.

You collected 76 gold pieces.

Inventory:

Armour
 a - a +0 robe (worn)
Jewellery
 c - a ring of magical power (left hand)
 e - a +4 ring of protection {unknown}
Scrolls
 b - 3 scrolls of identify {unknown}
 f - a scroll of remove curse {unknown}
 h - a scroll of enchant armour {unknown}
Potions
 d - 2 potions of heal wounds {unknown}
 g - 2 potions of might {unknown}


   Skills:
 + Level 1.1 Fighting
 + Level 1.7 Dodging
 + Level 3.1 Unarmed Combat
 + Level 2.3 Spellcasting
 + Level 2.1 Transmutations


You had 4 spell levels left.
You knew the following spells:

 Your Spells              Type           Power        Failure   Level
a - Beastly Appendage     Tmut           14%          11%         1

Your spell library contained the following spells:

 Spells                   Type           Power        Failure   Level
 Wereblood                Tmut           7%           16%         2
 Spider Form              Tmut/Pois      2%           43%         3
 Ice Form                 Ice/Tmut       4%           85%         4
 Blade Hands              Tmut           3%           96%         5


Dungeon Overview and Level Annotations

Branches:
Dungeon (2/15)

Altars:


Innate Abilities, Weirdness & Mutations

You have extremely sharp teeth.
When hurt, damage is shared between your health and your magic reserves.
Your bite disrupts and absorbs the magic of your enemies.
Potions cannot restore your health.
You have a pair of horns on your head.
You have razor-sharp toenails.


Message History

The adder bites you.
* * * LOW HITPOINT WARNING * * *
You are more poisoned.
The adder poisons you! The adder barely misses you.
You climb upwards.
* * * LOW HITPOINT WARNING * * *
You feel sick.
There is a stone staircase leading down here.
You are too injured to fight recklessly!
You are too injured to fight recklessly!
You are too injured to fight recklessly!
You are too injured to fight recklessly!
You are too injured to fight recklessly!
You are too injured to fight recklessly!
Unknown command.
You closely miss the adder. Your bite misses the adder.
The bat barely misses you. The bat hits you.
The kobold hits you but does no damage. The adder barely misses you. x2
You miss the adder. Your kick misses the adder. Your bite misses the adder.
You die...

.## #.# #.# #.[. .# #.# ##+##
#### .# #.#########...## .#
#..............## ## .#
#.8.....8.......## ##.
.##########................####..
...........................'.....
.##########....S..b........####..
.# #....S@K........## ##. .##
###..............## #.. ..##
#...8...รท.8.#...## #.# ...#
#.#.........##+## #.# ...#
#.#.....#.####.# #.# ...#
#.#...#...# ##.###### #.# ..##
#.###.###.###.......# #.# .##
#.###.##........#.#.# #.. .#
#.#.......##......#.# ###


You could see 2 adders, a bat and a kobold.

Vanquished Creatures
  A bat (D:1)
  2 goblins
  A hobgoblin (D:1)
  2 frilled lizards (D:1)
  A kobold (D:1)
  A rat (D:1)
8 creatures vanquished.

Notes
Turn   | Place    | Note
-------+----------+-------------------------------------------
     0 | D:1      | kaeus the Vine Stalker Transmuter began the quest for the
                  | Orb.
     0 | D:1      | Reached XP level 1. HP: 9/9 MP: 4/4
   604 | D:1      | Reached skill level 1 in Fighting
   821 | D:1      | Reached XP level 2. HP: 12/14 MP: 6/6
  1061 | D:1      | Succumbed to an adder's poison

Illustrated notes

Levels and vault maps discovered:
D:1:      doesnt_arrival_eight_statues, layout_loops_corners, st_stairs_1,
          chequers_serial_rivers_large_b
D:2:      minmay_inner_zag, layout_rooms, fedhas_altar_4,
          uniq_crazy_yiuf_cottage, uniq_robin

Skill      XL: |  1 |
---------------+----+-----
Fighting       | 1 |  1.1
Dodging        | |  1.7
Unarmed Combat | |  3.1
Spellcasting   | |  2.3
Transmutations | |  2.1

Action                   || total
-------------------------++-------
Melee: Unarmed           ||    19
       Kick              ||     2
 Cast: Beastly Appendage ||    17
Armor: Robe              ||     4
Dodge: Dodged            ||    23
